 Dungeon Crawl Stone Soup version 0.28-a0-723-g095bd1b44f (webtiles) character file.

Game seed: 15608269951230718913

2 flotson the Sneak (level 1, 0/18 HPs)
             Began as a Demonspawn Delver on Oct 25, 2021.
             Engulfed by a cloud of freezing vapour (18 damage)
             ... on level 5 of the Dungeon.
             The game lasted 00:00:40 (167 turns).

flotson the Sneak (Demonspawn Delver)                Turns: 167, Time: 00:00:41

Health: 0/18       AC:  5    Str: 12    XL:     1   Next: 25%
Magic:  1/1        EV: 10    Int: 11    God:
Gold:   0          SH:  0    Dex: 14    Spells: 0/0 levels left

rFire   . . .      SeeInvis .   a - +0 hand axe
rCold   . . .      Faith    .   (no shield)
rNeg    . . .      Spirit   .   h - +0 ring mail
rPois   .          Reflect  .   (no helmet)
rElec   .          Harm     .   (no cloak)
rCorr   .          Rampage  .   (no gloves)
Will    .....                   (no boots)
Stlth   ++........              (no amulet)
HPRegen 0.06/turn               (no ring)
MPRegen 0.07/turn               (no ring)

@: no status effects
A: no striking features
a: no special abilities


You were on level 5 of the Dungeon.
You visited 1 branch of the dungeon, and saw 1 of its levels.

Inventory:

Hand Weapons
 a - a +0 hand axe (weapon)
Armour
 h - a +0 ring mail (worn)
Wands
 g - a wand of digging (3)
Scrolls
 b - a scroll of enchant armour {unknown}
 c - a scroll of fog
 d - a scroll of magic mapping
 e - a scroll of fear
Potions
 f - a potion of haste


   Skills:
 + Level 3.0 Fighting
 + Level 1.8 Axes
 + Level 0.1 Armour
 + Level 1.8 Dodging
 - Level 4.5 Stealth


You couldn't memorise any spells.
You didn't know any spells.
Your spell library was empty.

Dungeon Overview and Level Annotations

Branches:
Dungeon (5/15)
 Temple: D:4-7

Altars:


Message History

There is an open door here.
Found a ring mail.
Found an escape hatch in the floor.
Found a scroll labelled VAV BALUOWO.
You see here a +0 ring mail.
Okay, then.
Unknown command.
You start removing your armour.
You continue taking off your +0 leather armour. x4
You finish taking off your +0 leather armour.
You start putting on your armour.
You continue putting on your +0 ring mail. x5
You finish putting on your +0 ring mail.
Drop what? 8/52 slots (_ for help) (? for menu, Esc to quit)
You drop a +0 leather armour.
b - a scroll labelled VAV BALUOWO You see here a +0 robe.
Found three items.
Found 17 bolts and 12 gold pieces.
An orc comes into view. It is wielding a +0 falchion.
The orc shouts!
You hit the orc.
The orc is severely wounded.
The orc hits you with a +0 falchion.
You hit the orc.
The orc is almost dead.
The orc hits you with a +0 falchion.
You slash the orc!
You kill the orc!
Things that are here:
a +0 falchion; a +0 leather armour; an orc corpse You start resting.
HP restored.
As you open the door, it creaks loudly!
There is an open door here.
Really walk into a travel-excluded area?
Press: ? - help, v - describe, . - travel A translucent stone wall.
You are engulfed in freezing vapours.
Ouch! That really hurt!
You die...

#[### ##°#☼#.#
#.### ##°#.#.#
#.##. ##°#☼#.#
#[##. ##°#☼#.#
#.##. ##°#☼#.#
#.##. ##°#°#.#
#.##. ##.#°#.#
#.##. ##@#°#.#
#.##. ##☼#°#.#
#.### ##☼#°#.#
#.# ##☼#°#.# #.#
##☼#°#.########.#
##☼#?#..........#
##☼#!#..#########
###☼#[#..#
#.'.#(#.##


There were no monsters in sight!

Vanquished Creatures
  An orc (D:5)
1 creature vanquished.

Notes
Turn   | Place    | Note
-------+----------+-------------------------------------------
     0 | D:5      | flotson the Demonspawn Delver began the quest for the Orb.
     0 | D:5      | Reached XP level 1. HP: 18/18 MP: 1/1
     1 | D:5      | Noticed a scorpion
   167 | D:5      | Engulfed by a cloud of freezing vapour

Illustrated notes

Levels and vault maps discovered:
D:5:      lemuel_ice_spiral_2, layout_basic, fedhas_altar_decomposition,
          kennysheep_generic_room_5

Action                   || total
-------------------------++-------
Melee: Hand axe          ||     3

Table legend: (Time is in decaauts)
 A = Elapsed time spent in this place.
 B = Non-inter-level travel time spent in this place.
 C = Inter-level travel time spent in this place.
 D = Time resting spent in this place.
 E = Time spent auto-exploring this place.
 F = Levels seen in this place.
 G = Mean time per level.
                   A        B        C        D        E       F      G
               +--------+--------+--------+--------+--------+-----+--------+
         Total |    167 |    167 |      0 |     92 |      1 |   1 |  167.0 |
       Dungeon |    167 |    167 |      0 |     92 |      1 |   1 |  167.0 |
               +--------+--------+--------+--------+--------+-----+--------+

Top non-repeatable levels by time:
     D:5: 167 daAuts
